 Dungeon Crawl Stone Soup version 0.31-a0-819-gf6de2f5ab6 (webtiles) character file.

Game seed: 5990258837264900956

8893 qw the Skirmisher (level 11, -5/71 HPs)
             Began as a Gargoyle Hunter on Sept 23, 2023.
             Was a Believer of Okawaru.
             Slain by a boulder beetle (11 damage)
             ... on level 1 of the Lair of Beasts.
             The game lasted 00:05:27 (9565 turns).

qw the Skirmisher (Gargoyle Hunter)                 Turns: 9565, Time: 00:05:27

Health: -5/71      AC: 21    Str: 15    XL:     11   Next: 38%
Magic:  14/14      EV: 20    Int: 10    God:    Okawaru [**....]
Gold:   580        SH:  0    Dex: 23    Spells: 10/10 levels left

rFire   + . .        Y - +1 shortbow
rCold   . . .        (shield currently unavailable)
rNeg    + + .        s - +2 leather armour {Will+}
rPois   inf          d - +1 helmet
rElec   +            t - +2 cloak
rCorr   .            (no gloves)
SInv    .            l - +0 pair of boots
Will    +....        (no amulet)
Stlth   +++          f - ring of positive energy
HPRegen 0.31/turn    n - +6 ring of dexterity
MPRegen 0.14/turn

%: no passive effects
@: heroic, flying
A: sickness immunity, AC +8, negative energy resistance 1, electricity
resistance, torment resistance 1, petrification resistance, big wings, fire
resistance 1, subdued magic 1
a: Renounce Religion, Heroism


You were on level 1 of the Lair of Beasts.
You worshipped Okawaru.
Okawaru was pleased with you.
You visited 3 branches of the dungeon, and saw 11 of its levels.
You also visited: Sewer.

You collected 580 gold pieces.


Innate Abilities, Weirdness & Mutations

You are immune to sickness and miasma.
Your stone body is resilient. (AC +8)
You are immune to poison.
You resist negative energy. (rN+)
You are resistant to electric shocks. (rElec)
You are resistant to unholy torment.
You are immune to petrification.
Your large and strong wings let you fly.
Your flesh is heat resistant. (rF+)
Your spells are a little easier to cast, but a little less powerful.


   Skills:
 - Level 9.0(14.0) Fighting
 + Level 13.6(18.6) Ranged Weapons
 - Level 4.3(9.3) Armour
 - Level 5.1(10.1) Dodging
 - Level 1.1(6.1) Stealth
 - Level 4.3 Invocations


You had 10 spell levels left.
You didn't know any spells.
Your spell library was empty.

Inventory:

Hand Weapons
 Y - a +1 shortbow (weapon)
Armour
 a - a +3 leather armour
 d - a +1 helmet (worn)
 l - a +0 pair of boots (worn)
 s - a +2 leather armour of willpower (worn)
 t - a +2 cloak (worn)
Jewellery
 f - a ring of positive energy (left hand)
 n - a +6 ring of dexterity (right hand)
Scrolls
 o - a scroll of identify
Potions
 b - 2 potions of mutation
 c - a potion of haste
 h - a potion of magic {unknown}
 j - 2 potions of might
 k - a potion of enlightenment {unknown}
 m - a potion of cancellation {unknown}
 p - 2 potions of berserk rage {unknown}
 r - a potion of resistance {unknown}

Dungeon Overview and Level Annotations

Branches:
Dungeon (9/15)             Temple (1/1) D:6            Lair (1/5) D:9
  Sewer (visited)
    Orc: D:9-12

Altars:
Ashenzari
Cheibriados
Dithmenos
Fedhas
Gozag
Hepliaklqana
Kikubaaqudgha
Makhleb
Nemelex Xobeh
Okawaru
Qazlal
Ru
Sif Muna
Trog
Uskayaw
Vehumet
Wu Jian
Xom
Yredelemnul
Zin
The Shining One

Annotations:
D:6 1 runed translucent door, Crazy Yiuf


Message History

You shoot an arrow. The arrow hits the boulder beetle.
The boulder beetle is lightly wounded.
You shoot an arrow.
The arrow hits the boulder beetle but does no damage.
The boulder beetle is lightly wounded.
You shoot an arrow.
The arrow hits the boulder beetle but does no damage.
The boulder beetle is lightly wounded.
You shoot an arrow. The arrow hits the boulder beetle.
The boulder beetle is lightly wounded.
You shoot an arrow. The arrow hits the boulder beetle.
The boulder beetle is moderately wounded.
You shoot an arrow. The arrow hits the boulder beetle!
The boulder beetle is heavily wounded.
The boulder beetle curls into a ball and begins rolling!
You shoot an arrow. The arrow hits the boulder beetle.
The boulder beetle is heavily wounded.
You shoot an arrow.
The arrow hits the boulder beetle but does no damage.
The boulder beetle is heavily wounded.
The boulder beetle hits you but does no damage.
The boulder beetle stops rolling and uncurls.
You shoot an arrow.
The arrow hits the boulder beetle but does no damage.
The boulder beetle is heavily wounded.
The boulder beetle bites you!
You shoot an arrow. The arrow hits the boulder beetle.
The boulder beetle is heavily wounded.
The boulder beetle misses you.
You shoot an arrow.
The arrow hits the boulder beetle but does no damage.
The boulder beetle is heavily wounded.
You shoot an arrow. The arrow hits the boulder beetle.
The boulder beetle is heavily wounded.
The boulder beetle closely misses you.
You shoot an arrow.
The arrow hits the boulder beetle but does no damage.
The boulder beetle is heavily wounded.
The boulder beetle bites you!
You die...

#...#
#...#
#...#
#.%.#
#...#
#.!.#
#B..#
#@..#
#...#
.:..#
######


You could see a boulder beetle.

Vanquished Creatures
  Erica (D:8)
  Pikel (D:8)
  Prince Ribbit (D:6)
  A wraith (D:9)
  2 wyverns (D:9)
  17 yaks
  A basilisk (Lair:1)
  3 water moccasins
  4 orc warriors
  2 sky beasts (D:7)
  3 ice beasts
  2 black bears
  A hornet zombie (D:6)
  3 centaurs
  4 lemures (D:8)
  A phantom (D:6)
  2 gnoll sergeants
  4 bullfrogs
  3 kobold brigands
  3 scorpions (D:5)
  A water moccasin zombie (D:6)
  7 wights
  6 howler monkeys
  A crimson imp (D:5)
  A bullfrog zombie (D:6)
  7 jellies
  4 orc priests
  5 hounds
  A sleepcap (D:5)
  4 iguanas
  Natasha (thrice) (D:3)
  15 orc wizards
  A killer bee zombie (D:6)
  12 gnolls
  A howler monkey skeleton (D:6)
  2 river rats
  8 adders
  3 white imps
  4 worms
  A dart slug (D:4)
  45 orcs
  17 ball pythons
  11 endoplasms
  13 giant cockroaches
  10 goblins
  4 hobgoblins
  4 jackals (D:3)
  19 kobolds
  4 quokkas
  6 bats
  5 frilled lizards
  10 rats
294 creatures vanquished.

Notes
Turn   | Place    | Note
-------+----------+-------------------------------------------
     0 | D:1      | qw the Gargoyle Hunter began the quest for the Orb.
     0 | D:1      | Reached XP level 1. HP: 12/12 MP: 1/1
     0 | D:1      | 0 ||| qw: Version: 0.3-a-83-gcd0e7d8
     0 | D:1      | 0 ||| qw: Game counter: 1418
     0 | D:1      | 0 ||| qw: Melee chars always use a shield: true
     0 | D:1      | 0 ||| qw: God list: Okawaru
     0 | D:1      | 0 ||| qw: Allow faded altars: false
     0 | D:1      | 0 ||| qw: Do Orc after clearing Dungeon:15 true
     0 | D:1      | 0 ||| qw: Do second Lair branch before Depths: true
     0 | D:1      | 0 ||| qw: Lair rune preference: random
     0 | D:1      | 0 ||| qw: Goals: Normal
     0 | D:1      | 0 ||| PLANNING D:1-11
   150 | D:1      | Reached XP level 2. HP: 17/17 MP: 2/2
   906 | D:1      | 906 ||| UPGRADING to +0 helmet.
   911 | D:1      | 911 ||| UPGRADING to +0 pair of boots.
   916 | D:1      | 916 ||| READING scroll labelled PUOTWE FIDETZ.
   917 | D:1      | 917 ||| READING 2 scrolls labelled JOSSEM EWNUE.
   918 | D:1      | 918 ||| READING scroll labelled YCYGUFA DESE.
   919 | D:1      | 919 ||| READING scroll labelled ICSOUGRUODOD.
   920 | D:1      | 920 ||| DRINKING 2 fuming green potions.
   921 | D:1      | 921 ||| DROPPING scroll of butterflies.
   922 | D:1      | 922 ||| DROPPING scroll of immolation.
   970 | D:2      | Reached XP level 3. HP: 21/21 MP: 3/3
   974 | D:2      | Reached skill level 5 in Ranged Weapons
  1088 | D:2      | Reached skill level 3 in Fighting
  1158 | D:2      | Reached skill level 1 in Armour
  1158 | D:2      | Reached XP level 4. HP: 28/28 MP: 4/4
  1215 | D:2      | You fall into a shaft and drop 2 floors!
  1383 | D:4      | 1383 ||| DRINKING potion of curing.
  1383 | D:4      | 1383 ||| (to cure confusion)
  1459 | D:4      | Reached XP level 5. HP: 30/32 MP: 5/5
  1487 | D:4      | Found an opulent altar of Gozag.
  1543 | D:4      | Reached skill level 6 in Ranged Weapons
  1548 | D:4      | 1548 ||| UPGRADING to ring of positive energy.
  1549 | D:4      | 1549 ||| UPGRADING to +6 ring of dexterity.
  1550 | D:4      | 1550 ||| READING scroll labelled ZABRUH JE LOANA.
  1551 | D:4      | 1551 ||| READING 2 scrolls labelled ORHORU PEIKUEGG.
  1554 | D:4      | Found an ancient bone altar of Kikubaaqudgha.
  1554 | D:4      | Noticed a black bear
  1555 | D:4      | 1555 ||| FLEEEEING.
  1565 | D:4      | 1565 ||| READING scroll labelled JEAQYSU QAGG.
  1566 | D:4      | 1566 ||| READING scroll labelled ISMAONEUGI.
  1567 | D:4      | 1567 ||| READING scroll labelled MEDEGH CIORYO.
  1568 | D:4      | 1568 ||| DRINKING 2 puce potions.
  1568 | D:4      | Gained mutation: You are clumsy. (Dex -2) [potion of
                  | mutation]
  1568 | D:4      | Gained mutation: You occasionally lose the ability to read
                  | scrolls when taking damage. [potion of mutation]
  1568 | D:4      | Gained mutation: Your muscles are strong. (Str +4, Int/Dex
                  | -1) [potion of mutation]
  1569 | D:4      | 1569 ||| DRINKING potion of mutation.
  1569 | D:4      | Lost mutation: You occasionally lose the ability to read
                  | scrolls when taking damage. [potion of mutation]
  1569 | D:4      | Lost mutation: Your muscles are strong. (Str +4, Int/Dex
                  | -1) [potion of mutation]
  1569 | D:4      | Lost mutation: You are clumsy. (Dex -2) [potion of
                  | mutation]
  1569 | D:4      | Gained mutation: You have very sharp teeth. [potion of
                  | mutation]
  1569 | D:4      | Gained mutation: You occasionally lose the ability to read
                  | scrolls when taking damage. [potion of mutation]
  1569 | D:4      | Gained mutation: Your flesh is heat resistant. (rF+)
                  | [potion of mutation]
  1569 | D:4      | Gained mutation: You are somewhat resistant to further
                  | mutation. [potion of mutation]
  1613 | D:4      | 1613 ||| FLEEEEING.
  1655 | D:3      | Found a bloodstained altar of Trog.
  1782 | D:3      | Reached XP level 6. HP: 37/37 MP: 6/6
  1784 | D:3      | 1784 ||| UPGRADING to +0 ring mail.
  1794 | D:3      | 1794 ||| DROPPING +0 leather armour.
  1795 | D:3      | 1795 ||| READING scroll labelled YNKEFFYSTRE.
  2101 | D:3      | Noticed Natasha
  2111 | D:3      | Killed Natasha
  2118 | D:3      | 2118 ||| FLEEEEING.
  2387 | D:3      | Noticed Natasha
  2400 | D:3      | Killed Natasha
  2458 | D:3      | Noticed Natasha
  2463 | D:3      | Killed Natasha
  2505 | D:3      | 2505 ||| READING scroll of enchant armour.
  2505 | D:3      | 2505 ||| ENCHANTING +0 helmet.
  2672 | D:4      | Killed a black bear
  2673 | D:4      | Reached skill level 7 in Ranged Weapons
  2673 | D:4      | Reached XP level 7. HP: 43/43 MP: 7/7
  2926 | D:4      | 2926 ||| DRINKING 2 viscous red potions.
  2949 | D:5      | Entered Level 5 of the Dungeon
  2950 | D:5      | 2950 ||| PLANNING SEWER
  3146 | D:5      | Found a stormy altar of Qazlal.
  3302 | D:5      | Reached skill level 8 in Ranged Weapons
  3364 | D:5      | 3364 ||| RETREEAATING.
  3366 | D:5      | 3366 ||| RETREEAATING.
  3369 | D:5      | 3369 ||| Stepping ~*~*~tactically~*~*~ (retreating).
  3370 | D:5      | 3370 ||| Stepping ~*~*~tactically~*~*~ (retreating).
  3371 | D:5      | 3371 ||| STILL RETREEAATING.
  3372 | D:5      | 3372 ||| Stepping ~*~*~tactically~*~*~ (retreating).
  3373 | D:5      | 3373 ||| Stepping ~*~*~tactically~*~*~ (retreating).
  3374 | D:5      | 3374 ||| Stepping ~*~*~tactically~*~*~ (retreating).
  3375 | D:5      | 3375 ||| Stepping ~*~*~tactically~*~*~ (retreating).
  3394 | D:5      | Reached XP level 8. HP: 29/49 MP: 8/8
  3402 | D:5      | 3402 ||| FLEEEEING.
  3434 | D:5      | 3434 ||| FLEEEEING.
  3472 | D:5      | Found a glowing drain.
  3473 | D:5      | 3473 ||| UPGRADING to +0 cloak.
  3478 | D:5      | 3478 ||| DROPPING +2 hat of intelligence.
  3479 | D:5      | 3479 ||| DRINKING 2 murky inky potions.
  3483 | D:5      | 3483 ||| READING 2 scrolls of identify.
  3483 | D:5      | 3483 ||| IDENTIFYING bubbling emerald potion
  3484 | D:5      | 3484 ||| DROPPING potion of invisibility.
  3485 | D:5      | 3485 ||| DROPPING potion of ambrosia.
  3494 | Sewer    | Entered a sewer
  3537 | Sewer    | 3537 ||| Stepping ~*~*~tactically~*~*~ (water).
  3539 | Sewer    | 3539 ||| Stepping ~*~*~tactically~*~*~ (water).
  3541 | Sewer    | 3541 ||| Stepping ~*~*~tactically~*~*~ (water).
  3543 | Sewer    | 3543 ||| Stepping ~*~*~tactically~*~*~ (water).
  3545 | Sewer    | 3545 ||| Stepping ~*~*~tactically~*~*~ (water).
  3581 | Sewer    | 3581 ||| Stepping ~*~*~tactically~*~*~ (water).
  3608 | Sewer    | 3608 ||| DRINKING potion of mutation.
  3608 | Sewer    | Lost mutation: You are somewhat resistant to further
                  | mutation. [potion of mutation]
  3608 | Sewer    | Lost mutation: You occasionally lose the ability to read
                  | scrolls when taking damage. [potion of mutation]
  3608 | Sewer    | Lost mutation: You have very sharp teeth. [potion of
                  | mutation]
  3608 | Sewer    | Gained mutation: Your large and strong wings let you fly.
                  | [potion of mutation]
  3608 | Sewer    | Gained mutation: Your spells are a little easier to cast,
                  | but a little less powerful. [potion of mutation]
  3633 | Sewer    | Found a viscous altar of Jiyva.
  3709 | Sewer    | 3709 ||| READING 2 scrolls labelled NUGALAO RIATEI.
  3710 | Sewer    | 3710 ||| DRINKING 2 blue potions.
  3711 | Sewer    | 3711 ||| DROPPING scroll of fog.
  3728 | D:5      | 3728 ||| PLANNING D:1-11
  3810 | D:5      | Found a burning altar of Makhleb.
  3813 | D:5      | Reached skill level 9 in Ranged Weapons
  4002 | D:5      | 4002 ||| RETREEAATING.
  4005 | D:5      | 4005 ||| Stepping ~*~*~tactically~*~*~ (retreating).
  4012 | D:5      | Reached skill level 3 in Armour
  4060 | D:5      | 4060 ||| FLEEEEING.
  4254 | D:6      | Reached skill level 6 in Fighting
  4254 | D:6      | 4254 ||| FLEEEEING.
  4271 | D:6      | Reached skill level 3 in Dodging
  4372 | D:6      | Found a shadowy altar of Dithmenos.
  4564 | D:6      | 4564 ||| RETREEAATING.
  4565 | D:6      | 4565 ||| Stepping ~*~*~tactically~*~*~ (retreating).
  4566 | D:6      | 4566 ||| Stepping ~*~*~tactically~*~*~ (retreating).
  4567 | D:6      | 4567 ||| Stepping ~*~*~tactically~*~*~ (retreating).
  4592 | D:6      | Reached XP level 9. HP: 26/55 MP: 9/9
  4763 | D:6      | Reached skill level 10 in Ranged Weapons
  5040 | D:6      | Found a staircase to the Ecumenical Temple.
  5041 | D:6      | 5041 ||| PLANNING TEMPLE
  5041 | D:6      | 5041 ||| DRINKING 3 silvery potions.
  5042 | D:6      | 5042 ||| READING 2 scrolls of identify.
  5042 | D:6      | 5042 ||| IDENTIFYING clear potion
  5043 | D:6      | 5043 ||| DROPPING potion of attraction.
  5052 | Temple   | Entered the Ecumenical Temple
  5053 | Temple   | 5053 ||| PLANNING OKAWARU WORSHIP
  5061 | Temple   | Became a worshipper of Warmaster Okawaru
  5062 | Temple   | 5062 ||| PLANNING D:1-11
  5089 | D:6      | Found a hide-covered altar of Uskayaw.
  5160 | D:6      | Noticed Prince Ribbit
  5178 | D:6      | Killed Prince Ribbit
  5509 | D:6      | Found a runed translucent door.
  5510 | D:6      | Noticed Crazy Yiuf
  5875 | D:6      | 5875 ||| READING scroll labelled KACEZXAWKUH.
  6086 | D:7      | Reached skill level 11 in Ranged Weapons
  6113 | D:7      | 6113 ||| Stepping ~*~*~tactically~*~*~ (retreating).
  6147 | D:7      | Reached * piety under Okawaru
  6197 | D:7      | Reached skill level 1 in Invocations
  6388 | D:7      | 6388 ||| INVOKING Heroism.
  6728 | D:7      | 6728 ||| UPGRADING to +2 leather armour of willpower.
  6738 | D:7      | 6738 ||| DROPPING +0 ring mail.
  6739 | D:7      | 6739 ||| READING scroll labelled NOCUQEHOPPI.
  6775 | D:8      | Found a sacrificial altar of Ru.
  6870 | D:8      | 6870 ||| RETREEAATING.
  6872 | D:8      | 6872 ||| RETREEAATING.
  6880 | D:8      | 6880 ||| INVOKING Heroism.
  6882 | D:8      | Reached XP level 10. HP: 44/63 MP: 8/11
  6898 | D:8      | 6898 ||| INVOKING Heroism.
  6900 | D:8      | Reached skill level 3 in Invocations
  7000 | D:8      | 7000 ||| INVOKING Heroism.
  7132 | D:8      | Identified the +4 scale mail "Meam" {Str+2}
  7144 | D:8      | Noticed Erica
  7145 | D:8      | 7145 ||| INVOKING Heroism.
  7162 | D:8      | Killed Erica
  7239 | D:8      | Noticed Pikel
  7240 | D:8      | 7240 ||| Stepping ~*~*~tactically~*~*~ (retreating).
  7241 | D:8      | 7241 ||| Stepping ~*~*~tactically~*~*~ (retreating).
  7281 | D:8      | Killed Pikel
  7343 | D:8      | Found a flagged portal.
  7389 | D:8      | 7389 ||| Stepping ~*~*~tactically~*~*~ (retreating).
  7405 | D:8      | Reached ** piety under Okawaru
  7406 | D:8      | Reached skill level 12 in Ranged Weapons
  7416 | D:8      | 7416 ||| INVOKING Heroism.
  7669 | D:8      | Found a shimmering blue altar of Sif Muna.
  7867 | D:8      | 7867 ||| UPGRADING to +2 cloak.
  7877 | D:8      | 7877 ||| DROPPING +0 cloak.
  7878 | D:8      | 7878 ||| READING scroll labelled XALASSUFRY.
  7879 | D:8      | 7879 ||| DROPPING potion of degeneration.
  7992 | D:9      | 7992 ||| INVOKING Heroism.
  8298 | D:9      | 8298 ||| INVOKING Heroism.
  8305 | D:9      | Reached XP level 11. HP: 68/68 MP: 11/14
  8422 | D:9      | Reached skill level 13 in Ranged Weapons
  8693 | D:9      | 8693 ||| INVOKING Heroism.
  8814 | D:9      | Found a snail-covered altar of Cheibriados.
  9018 | D:9      | Found a staircase to the Lair.
  9259 | D:9      | 9259 ||| PLANNING LAIR
  9312 | Lair:1   | Entered Level 1 of the Lair of Beasts
  9335 | Lair:1   | Reached skill level 9 in Fighting
  9434 | Lair:1   | 9434 ||| RETREEAATING.
  9435 | Lair:1   | 9435 ||| STILL RETREEAATING.
  9436 | Lair:1   | 9436 ||| STILL RETREEAATING.
  9437 | Lair:1   | 9437 ||| STILL RETREEAATING.
  9438 | Lair:1   | 9438 ||| STILL RETREEAATING.
  9439 | Lair:1   | 9439 ||| STILL RETREEAATING.
  9440 | Lair:1   | 9440 ||| STILL RETREEAATING.
  9441 | Lair:1   | 9441 ||| STILL RETREEAATING.
  9442 | Lair:1   | 9442 ||| STILL RETREEAATING.
  9469 | Lair:1   | 9469 ||| INVOKING Heroism.
  9492 | Lair:1   | Reached *** piety under Okawaru
  9492 | Lair:1   | HP: 17/71 [yak (2)]
  9493 | Lair:1   | 9493 ||| READING 2 scrolls of teleportation.
  9494 | Lair:1   | 9494 ||| DRINKING 2 potions of heal wounds.
  9507 | Lair:1   | 9507 ||| INVOKING Heroism.
  9512 | Lair:1   | 9512 ||| RETREEAATING.
  9527 | Lair:1   | HP: 14/71 [blink frog (13)]
  9528 | Lair:1   | 9528 ||| READING scroll of teleportation.
  9529 | Lair:1   | 9529 ||| DRINKING potion of heal wounds.
  9532 | Lair:1   | Noticed a boulder beetle
  9540 | Lair:1   | HP: 15/71 [boulder beetle (8)]
  9542 | Lair:1   | 9542 ||| INVOKING Heroism.
  9545 | Lair:1   | HP: 10/71 [boulder beetle (3)]
  9561 | Lair:1   | HP: 5/71 [boulder beetle (9)]
  9565 | Lair:1   | Slain by a boulder beetle

Levels and vault maps discovered:
D:1:      wheals_arrival_shading, layout_basic
D:2:      cheibrodos_helix_gallery, layout_rooms
D:3:      minmay_chambers_of_threes, layout_loops_ring,
          mainiacjoe_overflow_boulevard, uniq_natasha
D:4:      layout_basic, mainiacjoe_overflow_paths,
          nicolae_gozag_cash_rules_everything_around_me, supply_closet_lemuel
D:5:      minmay_opposing_rooms, layout_gridville,
          nicolae_qazlal_general_emergency, makhleb_grotto_becter,
          gup_sewer_entry_bowl, chequers_decorated_corner, grunt_ministairs_9
D:6:      layout_basic, nicolae_uskayaw_murder_on_the_dancefloor,
          mainiacjoe_overflow_surrounded_room,
          minmay_temple_entry_drinking_statues, serial_undead, serial_undead_f,
          serial_undead_c, serial_undead_d, serial_undead_c,
          uniq_crazy_yiuf_cottage, uniq_prince_ribbit1
D:7:      layout_loops_cross
D:8:      layout_loops_ring, kennysheep_orc_sif_temple,
          mainiacjoe_overflow_alcove_1, enter_bailey_7, uniq_erica, uniq_pikel
D:9:      minmay_inner_zag, layout_loops_corners, cheibrodos_worm_habitat,
          lair_entry_dummy
Temple:   hellmonk_temple_of_storms
Lair:1:   layout_long_grid, nzn_sisyphean_effort, uniq_gastronok

Skill      XL: |  1  2  3  4  5  6  7  8  9 10 11 |
---------------+----------------------------------+-----
Ranged Weapons | 5 6 7 8 9 11 12 13 | 13.6
Fighting       | 3 4 5 6 7 8 9 |  9.0
Armour         | 1 2 3 4 |  4.3
Dodging        | 2 3 4 5 |  5.1
Invocations    | 2 4 |  4.3
Stealth        | |  1.1

Action                     |  1- 3 |  4- 6 |  7- 9 | 10-12 || total
---------------------------+-------+-------+-------+-------++-------
   Fire: Shortbow          |   107 |   196 |   551 |   579 ||  1433
 Invoke: Heroism           |       |       |     2 |    10 ||    12
    Use: Scroll            |     4 |     7 |     5 |     3 ||    19
         Potion            |     1 |     3 |     5 |     2 ||    11
 Armour: Leather armour    |    45 |    32 |     5 |   178 ||   260
         Ring mail         |       |    32 |   255 |       ||   287
  Dodge: Dodged            |    43 |    37 |   179 |   195 ||   454

Table legend:
 A = Non-vault XP
 B = Vault XP
 C = Vault XP percentage of total XP
 D = Non-vault monster count
 E = Vault monster count
 F = Vault count percentage of total count
                 A         B        C        D         E       F
            +---------+---------+-------+---------+---------+-------
      Total |    8439 |    4266 |  33.6 |     207 |      83 |  28.6
            +---------+---------+-------+---------+---------+-------
        D:1 |      32 |       0 |   0.0 |      19 |       0 |   0.0
        D:2 |      57 |       6 |   9.5 |      19 |       2 |   9.5
        D:3 |     229 |      67 |  22.6 |      20 |      13 |  39.4
        D:4 |     351 |       0 |   0.0 |      27 |       0 |   0.0
        D:5 |     273 |     674 |  71.2 |      12 |      17 |  58.6
        D:6 |    1136 |     571 |  33.5 |      27 |       6 |  18.2
        D:7 |    1067 |       0 |   0.0 |      15 |       0 |   0.0
        D:8 |    1318 |    1738 |  56.9 |      25 |      11 |  30.6
        D:9 |    1889 |    1027 |  35.2 |      32 |       7 |  17.9
     Lair:1 |    2087 |       0 |   0.0 |      11 |       0 |   0.0
      Sewer |       0 |     183 | 100.0 |       0 |      27 | 100.0
            +---------+---------+-------+---------+---------+-------
